 Dungeon Crawl Stone Soup version 0.31.0-11-ge490571c62 (webtiles) character file.

Game seed: 12246780363514968505

3766 jschmitter482 the Cleaver (level 9, -1/86 HPs)
             Began as a Minotaur Berserker on Feb 4, 2024.
             Was an Elder of Trog.
             Slain by Amaemon
             ... wielding a +1 demon whip of venom
              (4 damage)
             ... on level 9 of the Dungeon.
             The game lasted 00:17:12 (3915 turns).

jschmitter482 the Cleaver (Minotaur Berserker)      Turns: 3915, Time: 00:17:12

Health: -1/86      AC:  9    Str: 27    XL:     9   Next: 94%
Magic:  17/17      EV: 11    Int:  4    God:    Trog [****..]
Gold:   229        SH:  9    Dex:  9    Spells: 8/8 levels left

rFire   . . .        y - +3 war axe
rCold   . . .        e - +0 kite shield
rNeg    . . .        l - +3 leather armour
rPois   +            (helmet restricted)
rElec   .            E - +2 cloak
rCorr   .            (no gloves)
SInv    .            (no boots)
Will    .....        (no amulet)
Stlth   +            s - ring of magical power
HPRegen 0.34/turn    a - ring of poison resistance
MPRegen 0.15/turn

%: no passive effects
@: lethally poisoned (-1 -> -11), on berserk cooldown, slowed, very slow
A: horns 2, retaliatory headbutt
a: Renounce Religion, Berserk, Trog's Hand, Brothers in Arms


You were on level 9 of the Dungeon.
You worshipped Trog.
Trog was greatly pleased with you.
You visited 1 branch of the dungeon, and saw 9 of its levels.

You collected 448 gold pieces.
You spent 219 gold pieces at shops.

Inventory:

Hand Weapons
 y - a +3 war axe (weapon)
 D - a +0 battleaxe
Missiles
 d - 5 boomerangs (quivered)
 A - 2 throwing nets
Armour
 e - a +0 kite shield (worn)
 l - a +3 leather armour (worn)
 x - a +0 chain mail
 E - a +2 cloak (worn)
Jewellery
 a - a ring of poison resistance (right hand)
 s - a ring of magical power (left hand)
 H - a ring of protection from cold
Wands
 k - a wand of roots (8)
 o - a wand of acid (9)
 C - a wand of charming (13)
 G - a wand of flame (24)
Scrolls
 c - a scroll of blinking
 j - a scroll of butterflies {unknown}
 p - 3 scrolls of revelation
 q - a scroll of torment {unknown}
 u - a scroll of vulnerability {unknown}
 w - a scroll of immolation {unknown}
 B - a scroll of poison {unknown}
 J - 2 scrolls of teleportation
Potions
 g - a potion of mutation {unknown}
 h - a potion of invisibility {unknown}
 i - 2 potions of degeneration
 m - a potion of heal wounds {unknown}
 n - a potion of might {unknown}
 r - a potion of curing
 v - a potion of attraction {unknown}
 z - 2 potions of enlightenment
 I - a potion of magic {unknown}


   Skills:
 + Level 10.4 Fighting
 * Level 12.0 Axes
 - Level 2.4 Armour
 - Level 2.1 Dodging
 + Level 8.0 Shields


You had 8 spell levels left.
You didn't know any spells.
Your spell library was empty.

Dungeon Overview and Level Annotations

Branches:
Dungeon (9/15)             Temple (0/1) D:5
   Lair: D:8-11         Orc: D:9-12

Altars:
Ashenzari
Nemelex Xobeh

Shops:
D:4 :   D:6 *

Annotations:
D:4 Sigmund
D:6 Jeremiah
D:9 Amaemon


Innate Abilities, Weirdness & Mutations

You have a pair of horns on your head.
You reflexively headbutt those who attack you in melee.


Message History

The scorpion's corpse disappears in a puff of smoke!
You block the orange demon's attack.
Amaemon hits you with a +1 demon whip of venom.
* * * LOW HITPOINT WARNING * * *
You block Amaemon's attack. x2
You slash Amaemon!
Amaemon is severely wounded.
You slash Amaemon!
Amaemon is severely wounded.
The orange demon stings you from afar.
* * * LOW HITPOINT WARNING * * *
You are lethally poisoned!
You have difficulty breathing.
* * * LOW HITPOINT WARNING * * *
You feel yourself slow down.
Amaemon casts a spell.
You barely miss Amaemon.
Amaemon is severely wounded.
You slash the scorpion!
You are no longer berserk.
You are exhausted.
You feel as though you will be slow longer.
* * * LOW HITPOINT WARNING * * *
You feel extremely sick. You block the orange demon's attack.
Amaemon barely misses you. You block Amaemon's attack.
Amaemon tail-slaps you but does no damage.
The scorpion barely misses you. You furiously retaliate!
You headbutt the scorpion!
You kill the scorpion!
The scorpion's corpse disappears in a puff of smoke!
Unknown command.
You feel better.
Amaemon hits you with a +1 demon whip of venom.
* * * LOW HITPOINT WARNING * * *
You are lethally poisoned!
Amaemon claws you.
* * * LOW HITPOINT WARNING * * *
Amaemon tail-slaps you.
You die...

##..##............### ##
#..........#......#.###.
##........###.##.....#..
###...........##........
.<...........##....#.#..
#........##.##....##.#..
.........#..............
...................##..#
.......@##.........###..
...#.#)ยง6##.............
..####s4.##.......#.....
.. ..>.........##.....
.....###.....# .....
.....## #...#..#.....
......# #...#..#.....
........ ........ ...


You could see Amaemon, an orange demon (curare) and a scorpion (summoned).

Vanquished Creatures
  4 yaks
  A water moccasin (D:8)
  An ice beast (D:7)
  An orc warrior (D:9)
  2 black bears
  An ogre (D:6)
  4 centaurs
  A phantom (D:6)
  2 kobold brigands (D:8)
  6 bullfrogs
  3 scorpions
  11 wights
  10 killer bees
  A howler monkey (D:5)
  2 bombardier beetles
  Crazy Yiuf (D:7)
  4 iguanas
  2 sleepcaps
  An orc wizard (D:6)
  7 gnolls
  3 adders
  A shadow imp (D:6)
  2 white imps
  3 ufetubi
  A ribbon worm (D:5)
  14 orcs
  7 ball pythons
  7 endoplasms
  3 giant cockroaches
  6 hobgoblins
  8 jackals
  16 kobolds
  4 quokkas
  4 bats
  A frilled lizard (D:1)
  5 goblins (D:1)
  5 rats
155 creatures vanquished.

Notes
Turn   | Place    | Note
-------+----------+-------------------------------------------
     0 | D:1      | jschmitter482 the Minotaur Berserker began the quest for
                  | the Orb.
     0 | D:1      | Reached XP level 1. HP: 19/19 MP: 0/0
    43 | D:1      | Found a faded altar of an unknown god.
   126 | D:1      | Reached skill level 4 in Axes
   126 | D:1      | Reached XP level 2. HP: 20/27 MP: 1/1
   283 | D:1      | Reached XP level 3. HP: 34/34 MP: 2/2
   361 | D:1      | Reached ** piety under Trog
   657 | D:3      | Found a broken altar of Ashenzari.
   728 | D:3      | Found a sparkling altar of Nemelex Xobeh.
   786 | D:3      | Reached skill level 1 in Shields
   949 | D:4      | Noticed Sigmund
  1013 | D:4      | Reached XP level 4. HP: 35/41 MP: 3/3
  1029 | D:4      | Reached skill level 5 in Fighting
  1029 | D:4      | Reached skill level 5 in Axes
  1099 | D:4      | Found Zoemidwi's Self-Improvement Boutique.
  1193 | D:4      | Reached XP level 5. HP: 37/48 MP: 4/4
  1197 | D:5      | Entered Level 5 of the Dungeon
  1252 | D:5      | Reached *** piety under Trog
  1422 | D:5      | Noticed a black bear
  1431 | D:5      | Killed a black bear
  1432 | D:5      | Reached XP level 6. HP: 57/57 MP: 5/5
  1592 | D:5      | Reached skill level 6 in Axes
  1663 | D:5      | Found a staircase to the Ecumenical Temple.
  1776 | D:6      | Found Budd's General Store.
  1785 | D:6      | Bought a scroll of enchant weapon for 82 gold pieces
  1785 | D:6      | Bought a scroll of enchant weapon for 82 gold pieces
  1785 | D:6      | Bought a potion of enlightenment for 55 gold pieces
  1856 | D:6      | Reached XP level 7. HP: 54/64 MP: 6/6
  2174 | D:6      | Reached skill level 5 in Shields
  2177 | D:6      | Reached skill level 7 in Axes
  2305 | D:6      | Noticed Jeremiah
  2369 | D:7      | Reached XP level 8. HP: 15/68 MP: 7/7
  2413 | D:7      | Reached skill level 8 in Axes
  2552 | D:7      | Reached skill level 9 in Axes
  2965 | D:7      | Found a runed translucent door.
  2966 | D:7      | Noticed Crazy Yiuf
  2974 | D:7      | Killed Crazy Yiuf
  3099 | D:8      | Reached XP level 9. HP: 83/83 MP: 8/8
  3100 | D:8      | Reached skill level 10 in Axes
  3168 | D:8      | Identified the +3 long sword of Widoep {venom, rPois Will+
                  | Str+2}
  3418 | D:9      | Reached skill level 11 in Axes
  3422 | D:9      | Reached skill level 10 in Fighting
  3893 | D:9      | Noticed Amaemon
  3897 | D:9      | Noticed an orange demon
  3906 | D:9      | Reached **** piety under Trog
  3907 | D:9      | Reached skill level 12 in Axes
  3914 | D:9      | HP: 4/86 [poisoned by orange demon (concentrated venom)]
  3915 | D:9      | Slain by Amaemon

Illustrated notes

Levels and vault maps discovered:
D:1:      dpeg_arrival_windows_large_door, layout_loops_ring,
          ebering_ecumenical_altar_hall, minmay_tetromino_i4
D:2:      layout_basic, basic_altar
D:3:      layout_basic, ashenzari_altar_1, marbit_many_paths,
          nemelex_diamond_rough_becter, serial_shops,
          nicolae_shop_gibbet_a_chance, solitary_fountain,
          kennysheep_cluttered_room, chequers_serial_rivers_micro_a
D:4:      layout_basic, grunt_temple_overflow_open, nicolae_shop_self_help,
          uniq_pikel, uniq_sigmund
D:5:      layout_basic, minmay_temple_entry_overgrown
D:6:      minmay_chambers_of_threes, layout_basic, serial_shops, shop,
          uniq_jeremiah
D:7:      layout_basic, uniq_crazy_yiuf_cottage
D:8:      layout_basic, nicolae_elevator_lobby_plus
D:9:      layout_cave_pools, nicolae_uskayaw_dance_studio, uniq_amaemon

Skill      XL: |  1  2  3  4  5  6  7  8  9 |
---------------+----------------------------+-----
Fighting       | 4 5 6 8 9 10 | 10.4
Axes           | 4 5 6 7 9 12 | 12.0
Shields        | 1 2 3 4 5 6 8 |  8.0
Armour         | |  2.4
Dodging        | |  2.1

Action                     |  1- 3 |  4- 6 |  7- 9 || total
---------------------------+-------+-------+-------++-------
  Melee: Hand axe          |    89 |    98 |    75 ||   262
         Headbutt          |    11 |    16 |    23 ||    50
         War axe           |     6 |       |   125 ||   131
  Throw: Boomerang         |       |     2 |     1 ||     3
 Invoke: Berserk           |       |     1 |     8 ||     9
         Trog's Hand       |       |     1 |     5 ||     6
  Evoke: Wand              |       |     1 |       ||     1
    Use: Scroll            |     1 |     2 |    10 ||    13
         Potion            |       |       |     1 ||     1
 Armour: Animal skin       |    33 |       |       ||    33
         Leather armour    |    33 |    68 |   169 ||   270
  Dodge: Dodged            |    64 |    30 |   107 ||   201
  Block: Kite shield       |    11 |    30 |   114 ||   155
